 Dungeon Crawl Stone Soup version 0.31.0-9-g3a7656b989 (webtiles) character file.

Game seed: 2477340868783106137

645252 Conn the Pyromancer (level 27, -12/186 HPs)
             Began as an Octopode Fire Elementalist on Jan 28, 2024.
             Was a High Priest of Sif Muna.
             Mangled by a caustic shrike simulacrum (13 damage)
             ... on level 4 of Cocytus on Jan 29, 2024.
             The game lasted 06:56:42 (107775 turns).

Conn the Pyromancer (Octopode Fire Elementalist)  Turns: 107775, Time: 06:56:50

Health: -12/186    AC: 12    Str:  9      XL:     27
Magic:  4/47       EV: 29    Int: 45      God:    Sif Muna [*****.]
Gold:   5496       SH: 12    Dex: 26 (27) Spells: 0/67 levels left

rFire   x . .        c - staff "Zutoih" {^Fragile rPois Dex+4 Stlth+ Conj Alchemy}
rCold   + + .        g - +3 warlock's mirror {omnireflect}
rNeg    . . .        F - +3 crown of Dyrovepreva {rElec Int+2 SInv}
rPois   +            i - amulet "Geotytoc" {Regen+ Int+5 Stlth+}
rElec   +            x - +4 ring of protection
rCorr   +            C - ring "Syexa" {rCorr Int+3 Dex+7 Stlth-}
SInv    +            r - +5 ring of evasion
Will    +++..        k - ring of ice
Stlth   +++++++      W - ring of wizardry
HPRegen 1.31/turn    A - +6 ring of intelligence
MPRegen 0.30/turn    t - ring "Hanufux" {Wiz Dex+3}
                     q - +4 ring of protection

%: random rage (3%), reflection, wizardry (x2)
@: channelling, studying Alchemy, unable to drink
A: almost no armour, amphibious, 8 rings, camouflage 1, gelatinous body 1,
(nimble swimmer 1), tentacles, beak, berserk 1, cold resistance 1, strong-willed
1
}: 4/15 runes: decaying, serpentine, slimy, silver
a: Renounce Religion, Channel Magic, Forget Spell, Divine Exegesis


You were on level 4 of Cocytus.
You worshipped Sif Muna.
Sif Muna was extremely pleased with you.
You visited 15 branches of the dungeon, and saw 58 of its levels.
You also visited: Trove, Ice Cave and Volcano.

You collected 10817 gold pieces.
You spent 5321 gold pieces at shops.

Inventory:

Hand Weapons
 a - a +9 heavy hand axe
Missiles
 U - 10 silver javelins (quivered)
Armour
 g - the +3 warlock's mirror (worn) {omnireflect}
   (You found it in a treasure trove)

   Omnireflect: It can block and reflect piercing ranged attacks and magical
   attacks against the wielder's willpower.
 F - the +3 crown of Dyrovepreva (worn) {rElec Int+2 SInv}
   (You found it in a treasure trove)

   Int+2:     It affects your intelligence (+2).
   rElec:     It insulates you from electricity.
   SInv:      It lets you see invisible.
Magical Staves
 b - a staff of fire
 c - the staff "Zutoih" (weapon) {^Fragile rPois Dex+4 Stlth+ Conj Alchemy}
   (You found it on level 5 of the Pits of Slime)

   [staff of alchemy]

   Base accuracy: +5 Base damage: 5 Base attack delay: 1.2 This weapon's minimum
   attack delay (0.6) is reached at skill level 12.
   Dex+4:     It affects your dexterity (+4).
   rPois:     It protects you from poison ^Fragile: It will be destroyed if
   unequipped.
   Stlth+:    It makes you more stealthy.
   Conj:      It increases the power of your Conjurations spells.
   Alchemy:   It increases the power of your Alchemy spells.
   It falls into the 'Staves' category.
   It is a one-tentacled weapon.
 z - the staff "Ibboud Dant" {rElec rPois Air}
   (You found it on level 3 of the Elven Halls)

   [staff of air]

   Base accuracy: +5 Base damage: 5 Base attack delay: 1.2 This weapon's minimum
   attack delay (0.6) is reached at skill level 12.
   rElec:     It insulates you from electricity.
   rPois:     It protects you from poison Air: It increases the power of your
   Air spells.
   It falls into the 'Staves' category.
   It is a one-tentacled weapon.
Jewellery
 i - the amulet "Geotytoc" (around mantle) {Regen+ Int+5 Stlth+}
   (You found it on level 5 of the Vaults)

   [amulet of regeneration]

   Int+5:     It affects your intelligence (+5).
   Regen+:    It increases your rate of health regeneration.
   Stlth+:    It makes you more stealthy.
 j - the ring "Tiewaloeps" {rElec rPois Slay+4}
   (You found it in a treasure trove)

   [ring of slaying]

   Slay+4:    It affects your accuracy & damage with ranged weapons and melee
   (+4).
   rElec:     It insulates you from electricity.
   rPois:     It protects you from poison
 k - a ring of ice (on tentacle)
 m - a ring of fire
 n - the ring "Elat" {rCorr MP+9}
   (You bought it in a shop on level 4 of the Snake Pit)

   [ring of magical power]

   MP+9:      It affects your magic capacity (+9).
   rCorr:     It protects you from acid and corrosion.
 p - the ring of Law {rPois Str+3 Dex+3 SInv}
   (You took it off a vault warden on level 5 of the Vaults)

   [ring of see invisible]

   Str+3:     It affects your strength (+3).
   Dex+3:     It affects your dexterity (+3).
   rPois:     It protects you from poison SInv: It lets you see invisible.
 q - a +4 ring of protection (on tentacle)
 r - a +5 ring of evasion (on tentacle)
 t - the ring "Hanufux" (on tentacle) {Wiz Dex+3}
   (You took it off a deep elf demonologist on level 3 of the Elven Halls)

   [ring of wizardry]

   Wiz:       It improves your spell success rate.
   Dex+3:     It affects your dexterity (+3).
 w - a ring of see invisible
 x - a +4 ring of protection (left tentacle)
 A - a +6 ring of intelligence (on tentacle)
 C - the ring "Syexa" (right tentacle) {rCorr Int+3 Dex+7 Stlth-}
   (You bought it in a shop on level 1 of the Elven Halls)

   [ring of resist corrosion]

   Int+3:     It affects your intelligence (+3).
   Dex+7:     It affects your dexterity (+7).
   rCorr:     It protects you from acid and corrosion.
   Stlth-:    It makes you less stealthy.
 I - a +4 ring of protection
 N - a ring of magical power
 O - a ring of protection from fire
 W - a ring of wizardry (on tentacle)
Wands
 e - a wand of charming (41)
 H - a wand of acid (33)
 J - a wand of roots (50)
 Z - a wand of digging (31)
Scrolls
 d - 11 scrolls of noise
 h - 8 scrolls of immolation
 l - 8 scrolls of fog
 o - 6 scrolls of revelation
 D - 5 scrolls of fear
 G - 5 scrolls of blinking
 K - 9 scrolls of teleportation
 Q - 25 scrolls of identify
 V - 4 scrolls of butterflies
Potions
 f - 4 potions of lignification
 s - 8 potions of heal wounds
 u - 8 potions of brilliance
 v - 16 potions of curing
 B - 2 potions of magic
 M - 5 potions of mutation
 P - 4 potions of invisibility
 R - 7 potions of haste
 X - 6 potions of cancellation
 Y - 4 potions of resistance
Miscellaneous
 y - a sack of spiders
 E - the horn of Geryon
 L - a tin of tremorstones (2/2)
 S - a lightning rod (4/4)
 T - a phial of floods


   Skills:
 + Level 15.0 Fighting
 - Level 4.5 Axes
 - Level 7.6 Staves
 - Level 5.0 Throwing
 + Level 11.6 Dodging
 + Level 11.1 Stealth
 - Level 14.7 Shields
 + Level 20.7 Spellcasting
 + Level 21.0 Conjurations
 - Level 6.0 Hexes
 - Level 6.0 Summonings
 - Level 10.4 Translocations
 + Level 21.2 Fire Magic
 * Level 4.6 Ice Magic
 * Level 14.3 Air Magic
 * Level 5.6 Earth Magic
 - Level 3.0 Alchemy
 - Level 16.0 Invocations


You couldn't memorise any spells.
You knew the following spells:

 Your Spells              Type           Power      Damage    Failure   Level
a - Foxfire               Conj/Fire      100%       2x1d9     0%          1
b - Scorch                Fire           100%       2d9       0%          2
c - Inner Flame           Hex/Fire       100%       N/A       0%          3
d - Dispersal             Tloc           48%        N/A       1%          6
e - Blink                 Tloc           100%       N/A       0%          2
f - Iskenderun's Mystic   Conj/Tloc      100%       2d19      0%          4
g - Orb of Destruction    Conj           75%        9d17      1%          7
h - Fire Storm            Conj/Fire      75%        8d19      2%          9
i - Lehudib's Crystal Sp  Conj/Erth      64%        10d15     4%          8
j - Ensorcelled Hibernat  Hex/Ice        100%       N/A       1%          2
k - Plasma Beam           Fire/Air       59%        2x1d74    1%          6
l - Ignition              Fire           63%        3d17      1%          8
m - Chain Lightning       Conj/Air       71%        3d94      11%         9

Your spell library contained the following spells:

 Spells                   Type           Power      Damage    Failure   Level
 Apportation              Tloc           100%       N/A       0%          1
 Kiss of Death            Conj/Necr      100%       2d13      0%          1
 Magic Dart               Conj           100%       1d8       0%          1
 Shock                    Conj/Air       100%       1d9       0%          1
 Sting                    Conj/Alch      100%       1d9       0%          1
 Lesser Beckoning         Tloc           100%       N/A       0%          2
 Mercury Vapours          Alch/Air       100%       N/A       0%          2
 Momentum Strike          Conj/Tloc      100%       3d10      0%          2
 Searing Ray              Conj           100%       2d8       0%          2
 Static Discharge         Conj/Air       100%       3-8/arc   0%          2
 Dazzling Flash           Conj/Hex       100%       N/A       0%          3
 Gell's Gravitas          Tloc           96%        N/A       0%          3
 Hailstorm                Conj/Ice       100%       3d16      0%          3
 Mephitic Cloud           Conj/Alch/Air  100%       N/A       0%          3
 Stone Arrow              Conj/Erth      100%       3d13      0%          3
 Swiftness                Air            100%       N/A       0%          3
 Teleport Other           Tloc           96%        N/A       0%          3
 Volatile Blastmotes      Fire/Tloc      100%       2d18      0%          3
 Airstrike                Air            54%        2d(8-24)  0%          4
 Brom's Barrelling Bould  Conj/Erth      100%       2d11      0%          4
 Flame Wave               Conj/Fire      100%       2d21      0%          4
 Summon Blazeheart Golem  Fire/Summ      100%       N/A       0%          4
 Arcjolt                  Conj/Air       71%        1d81      0%          5
 Fireball                 Conj/Fire      75%        3d28      0%          5
 Iskenderun's Battlesphe  Conj           100%       2d15      0%          5
 Starburst                Conj/Fire      75%        6d19      0%          6
 Freeze                   Ice            100%       1d10      1%          1
 Necrotise                Necr           100%       1d9       1%          1
 Sandblast                Erth           100%       2d20      1%          1
 Slow                     Hex            100%       N/A       1%          1
 Summon Small Mammal      Summ           100%       N/A       1%          1
 Call Imp                 Summ           100%       N/A       1%          2
 Cigotuvi's Dreadful Rot  Necr/Alch/Air  100%       N/A       1%          2
 Jinxbite                 Hex            100%       N/A       1%          2
 Sublimation of Blood     Necr           46%        N/A       1%          2
 Call Canine Familiar     Summ           79%        N/A       1%          3
 Confusing Touch          Hex            79%        N/A       1%          3
 Frozen Ramparts          Ice            100%       1d16      1%          3
 Fugue of the Fallen      Necr           46%        N/A       1%          3
 Ozocubu's Armour         Ice            93%        N/A       1%          3
 Passwall                 Erth           78%        N/A       1%          3
 Sigil of Binding         Hex            79%        N/A       1%          3
 Summon Ice Beast         Ice/Summ       96%        N/A       1%          3
 Tukima's Dance           Hex            79%        N/A       1%          3
 Vampiric Draining        Necr           46%        2d9       1%          3
 Anguish                  Hex/Necr       32%        N/A       1%          4
 Animate Dead             Necr           46%        N/A       1%          4
 Cause Fear               Hex            39%        N/A       1%          4
 Dimensional Bullseye     Hex/Tloc       44%        N/A       1%          4
 Dispel Undead            Necr           46%        3d18      1%          4
 Fulminant Prism          Conj/Alch      74%        3d30      1%          4
 Ignite Poison            Fire/Alch      100%       N/A       1%          4
 Manifold Assault         Tloc           96%        N/A       1%          4
 Martyr's Knell           Necr/Summ      65%        N/A       1%          4
 Olgreb's Toxic Radiance  Alch           84%        N/A       1%          4
 Passage of Golubria      Tloc           96%        N/A       1%          4
 Petrify                  Alch/Erth      91%        N/A       1%          4
 Sticky Flame             Fire/Alch      100%       2d15      1%          4
 Summon Lightning Spire   Summ/Air       95%        N/A       1%          4
 Vhi's Electric Charge    Tloc/Air       100%       N/A       1%          4
 Alistair's Intoxication  Alch           56%        N/A       1%          5
 Borgnjor's Vile Clutch   Necr/Erth      32%        N/A       1%          5
 Freezing Cloud           Conj/Ice/Air   77%        6-21      1%          5
 Irradiate                Conj/Alch      74%        3d36      1%          5
 Lee's Rapid Deconstruct  Erth           39%        3d19*     1%          5
 Metabolic Englaciation   Hex/Ice        48%        N/A       1%          5
 Silence                  Hex/Air        47%        N/A       1%          5
 Summon Forest            Summ/Tloc      44%        N/A       1%          5
 Summon Mana Viper        Hex/Summ       79%        N/A       1%          5
 Yara's Violent Unravell  Hex/Alch       46%        3d18      1%          5
 Bombard                  Conj/Erth      64%        9d11      1%          6
 Conjure Ball Lightning   Conj/Air       71%        3x3d26    1%          6
 Summon Cactus Giant      Summ           39%        N/A       1%          6
 Spellforged Servitor     Conj/Summ      64%        N/A       1%          7
 Maxwell's Capacitive Co  Air            54%        ∞         2%          8
 Curse of Agony           Necr           46%        N/A       4%          5
 Sculpt Simulacrum        Ice/Alch       55%        N/A       4%          6
 Malign Gateway           Summ/Tloc      44%        N/A       4%          7
 Eringya's Noxious Bog    Alch           42%        4d6       6%          6
 Enfeeble                 Hex            39%        N/A       11%         7
 Monstrous Menagerie      Summ           39%        N/A       11%         7
 Summon Hydra             Summ           39%        N/A       11%         7
 Disjunction              Tloc           48%        N/A       13%         8
 Ozocubu's Refrigeration  Ice            46%        4d17      17%         7
 Death Channel            Necr           23%        N/A       21%         6
 Haunt                    Necr/Summ      32%        N/A       30%         7
 Discord                  Hex            39%        N/A       54%         8
 Summon Horrible Things   Summ           39%        N/A       54%         8
 Dragon's Call            Summ           39%        N/A       100%        9
 Polar Vortex             Ice            46%        12d6*     100%        9
 Shatter                  Erth           39%        3d31*     100%        9
 Animate Armour           Summ/Erth      Unusable   N/A       N/A         4

Dungeon Overview and Level Annotations

Branches:
Dungeon (15/15)            Temple (1/1) D:5            Lair (5/5) D:9
  Swamp (4/4) Lair:2        Snake (4/4) Lair:2        Slime (5/5) Lair:5
    Orc (2/2) D:11            Elf (3/3) Orc:2        Vaults (5/5) D:13
  Crypt (3/3) Vaults:2       Tomb (0/3) Crypt:3      Depths (4/4) D:15
   Hell (visited)             Dis (1/7) Hell            Geh (1/7) Hell
    Coc (4/7) Hell            Tar (0/7) Hell            Zot (0/5) Depths:4
  IceCv (visited)         Volcano (visited)

Altars:
Ashenzari
Cheibriados
Dithmenos
Elyvilon
Fedhas
Gozag
Hepliaklqana
Kikubaaqudgha
Makhleb
Nemelex Xobeh
Okawaru
Qazlal
Ru
Sif Muna
Trog
Uskayaw
Vehumet
Wu Jian
Xom
Yredelemnul
Zin
The Shining One
Jiyva

Shops:
D:6 [:   Orc:1 [   Orc:2 =[=*   Elf:1 =:?   Snake:4 *[*   Vaults:1 :
Depths:1 =

Portals:
Hell: Depths:1 Depths:2 Depths:3 Depths:4
Abyss: Depths:2 Depths:3
Pandemonium: Depths:2
Ziggurat: Depths:1

Annotations:
Snake:2 2 transporters, exclusion: obsidian statue
Crypt:1 2 transporters, Heot Zafel's ghost, veteran MiGl


Innate Abilities, Weirdness & Mutations

You cannot wear most types of armour.
You are amphibious.
You can wear up to eight rings at the same time.
Your skin changes colour to match your surroundings (Stealth+).
Your rubbery body absorbs attacks. (AC +1, EV +1)
((You are camouflaged when in or above water. (Stealth+)))
You have tentacles for arms and can constrict up to eight enemies at once.
You have a beak for a mouth.
You sometimes lose your temper in combat.
Your flesh is cold resistant. (rC+)
You are strong-willed. (Will+)


Message History

The fireball engulfs the water elemental!!
The water elemental is burned terribly!
The water elemental is severely damaged.
The fireball engulfs the water elemental!!
The water elemental is burned terribly!
The water elemental is almost destroyed.
The fireball engulfs the dire elephant simulacrum!!
The dire elephant simulacrum melts!
The dire elephant simulacrum vaporises!
Sif Muna accepts your kill.
You hear a sizzling sound!
The fireball engulfs the nargun!!
The nargun is almost destroyed.
The fireball engulfs the nargun!
The nargun is moderately damaged.
The fireball engulfs the caustic shrike simulacrum!!
The caustic shrike simulacrum melts!
The caustic shrike simulacrum is heavily damaged.
The fireball engulfs the nargun!
The nargun is moderately damaged.
The fireball engulfs the water elemental.
The water elemental is burned terribly!
You destroy the water elemental!
The water elemental disappears in a puff of smoke!
You hear a howl!
You hear a screech!
The caustic shrike simulacrum claws you!!
* * * LOW HITPOINT WARNING * * *
The caustic shrike simulacrum freezes you!
You resist.
* * * LOW HITPOINT WARNING * * *
The water elemental is engulfed in a cloud of scalding steam.
A nargun comes into view.
The nargun is engulfed in a cloud of scalding steam.
Your +3 warlock's mirror {omnireflect} blocks the Petrify... and reflects it back!
The nargun is unaffected.
The caustic shrike simulacrum claws you.
* * * LOW HITPOINT WARNING * * *
The caustic shrike simulacrum freezes you!
You resist.
You die...

....≈≈......# ~
...§§≈≈.....## .#§§~
~~.§§≈≈≈≈....## §§§.#
~E§§9§§≈≈≈~....##§§§.#
§§≈§§≈≈≈≈≈§§§...§E§§#
≈~≈§§...≈≈§9§≈§.~≈≈.##
≈~§§E.......§§§≈§≈≈...
...≈≈.........≈≈≈≈≈...
..≈≈≈#.Z@.##..§§≈≈≈..≈
..≈ ##..#####...§≈§§§
. ##.. ##Z.^2§§§ #...
....§§~ #≈... C.≈≈≈§2
.§§§≈~ ≈≈≈≈≈§. .§§≈~~≈
≈≈§§§≈.
.§§≈9........§≈


You could see 3 narguns, a water elemental (summoned) and a caustic shrike
simulacrum.

Vanquished Creatures
  the Royal Jelly (Slime:5)
  Khufu (Crypt:2)
  2 dread liches (Vaults:5)
  An ancient lich (Depths:2)
  10 juggernauts
  2 royal mummies (Crypt:2)
  Boris (twice) (Vaults:1 Crypt:1)
  The ghost of AgonHex the Hoplite, a veteran HOFi of Qazlal (Vaults:4)
  the Lernaean hydra (Swamp:4)
  Geryon (Hell)
  4 caustic shrikes (Depths:4)
  A profane servitor (Crypt:3)
  3 golden dragons
  Jory (Vaults:4)
  4 bone dragons
  Jorgrun (D:13)
  4 doom hounds
  5 tentacled monstrosities
  Zenata (Vaults:3)
  7 liches
  2 Ice Fiends (Coc:4)
  9 titans
  3 deep elf blademasters
  2 deep elf master archers (Elf:3)
  2 searing wretches
  2 quicksilver dragons
  A walking divine tome (Depths:3)
  18 acid blobs
  14 sphinxes
  5 ancient champions
  3 walking frostbound tomes (Depths:3)
  5 shadow dragons
  Roxanne (D:15)
  2 storm dragons
  9 tengu reavers
  A draconian monk (Depths:4)
  4 revenants
  4 nagarajas
  Aizul (Swamp:1)
  11 rockslimes
  A draconian knight (Depths:4)
  12 azure jellies
  6 iron dragons
  9 fire giants
  6 deep elf sorcerers (Elf:3)
  A nargun (Coc:2)
  A balrug (Geh:1)
  4 deep elf elementalists (Elf:3)
  2 shard shrike simulacra
  24 vault wardens
  16 frost giants
  A curse skull (Crypt:2)
  A spectral caustic shrike (Crypt:3)
  6 reapers
  5 spriggan defenders (Depths:2)
  25 ghouls
  25 ironbound preservers
  The ghost of topfpfpflanze the Spry, an adept FeCj of Gozag (Swamp:1)
  2 orc warlords (Orc:2)
  10 very ugly things
  6 formless jellyfish
  11 stone giants
  19 vampire knights
  12 quicksilver oozes
  14 ironbound thunderhulks
  9 deep elf demonologists
  3 black draconians (Depths:4)
  2 green draconians (Depths:4)
  4 elemental wellsprings
  6 deep elf annihilators (Elf:3)
  2 eleionomae (Swamp:4)
  12 deep elf death magi
  20 dire elephants
  9 war gargoyles
  2 red draconians (Depths:4)
  3 bunyips (Swamp:4)
  Azrael (D:14)
  A yellow draconian (Depths:4)
  10 spark wasps
  7 eidola
  7 ettins
  2 green deaths (Hell)
  28 jiangshi
  A blizzard demon (Hell)
  A spectral golden dragon (Crypt:3)
  7 wendigos
  3 mummy priests (Crypt:2)
  Josephine (Lair:3)
  6 yaktaur captains
  3 entropy weavers
  6 great orbs of eyes
  7 crystal guardians
  10 fire dragons
  A shambling mangrove (Swamp:3)
  4 deep elf high priests
  2 kraken zombies (Hell)
  3 spriggan zombies (Depths:2)
  5 ghost crabs
  A juggernaut simulacrum (Coc:2)
  Harold (Orc:1)
  7 ice dragons
  4 rakshasas
  40 vault guards
  12 ironbound frosthearts
  7 peacekeepers
  4 salamander tyrants
  10 alligators
  3 ogre magi
  6 death yaks
  23 hydras
  2 caustic shrike simulacra
  3 spriggan air magi
  A hell beast (Hell)
  10 centaur warriors
  4 death knights
  3 naga warriors
  30 dancing weapons
  2 anacondas (Snake:4)
  13 two-headed ogres
  An azure jelly zombie (Crypt:1)
  4 tengu warriors
  16 vampire magi
  9 boulder beetles
  9 hell hogs
  10 deep troll shamans
  4 occultists
  A titan zombie (Crypt:2)
  7 shock serpents
  Urug (D:13)
  5 spriggan berserkers
  14 naga sharpshooters
  17 deep elf knights
  9 deep troll earth magi
  5 soul eaters
  2 hell knights
  5 orc high priests
  A shock serpent (shapeshifter) (Depths:4)
  A crystal echidna (Dis:1)
  7 sun demons
  6 salamander mystics
  A skyshark (shapeshifter) (Vaults:5)
  A fire crab (Lair:4)
  31 skeletal warriors
  A spectral death yak (Lair:5)
  3 spark wasp zombies (Depths:2)
  11 iron trolls
  6 shadow wraiths
  13 flayed ghosts
  5 goliath frogs
  An orb spider (shapeshifter) (Vaults:5)
  A skyshark (Lair:4)
  A bunyip zombie (Crypt:2)
  3 quicksilver dragon simulacra
  A spectral anaconda (Lair:5)
  6 arcanists
  6 spriggan druids
  2 glowing orange brains
  23 bog bodies
  2 death drakes (Swamp:1)
  7 swamp dragons (Swamp:4)
  10 deep elf archers
  10 mana vipers
  A deep troll (shapeshifter) (D:15)
  An alligator zombie (Hell)
  A naga ritualist (Snake:3)
  74 deep trolls
  8 harpies
  14 lindwurms
  27 ironbound convokers
  A spectral alligator (Crypt:3)
  A tengu zombie (Vaults:2)
  An obsidian statue (Lair:5)
  A harpy (shapeshifter) (D:14)
  8 necromancers
  A death drake (shapeshifter) (Depths:3)
  15 phantasmal warriors
  17 deep elf zephyrmancers
  An elf zombie (Vaults:2)
  An iron dragon zombie (Crypt:2)
  39 ugly things
  5 orc knights
  4 orc sorcerers (Orc:2)
  27 deep elf pyromancers
  A cyclops (shapeshifter) (Depths:3)
  4 will-o-the-wisps
  9 cyclopes
  2 manticores
  8 shining eyes
  20 salamanders
  A dire elephant zombie (Lair:5)
  8 rust devils (Hell)
  14 elephants (Lair:5)
  A guardian serpent (shapeshifter) (D:14)
  A moth of wrath (shapeshifter) (Vaults:5)
  4 large abominations
  3 meliai (D:13)
  23 black mambas
  2 iron dragon skeletons
  3 titan simulacra (Coc:2)
  2 ice statues
  7 guardian serpents
  2 eyes of devastation (Slime:5)
  A frost giant skeleton (Vaults:2)
  4 smoke demons (Hell)
  4 molten gargoyles (Hell)
  27 vault sentinels
  A gargoyle (D:13)
  2 kobold blastminers
  11 cane toads
  10 naga magi
  Jeremiah (D:9)
  A torpor snail (Lair:1)
  5 hellions
  Maggie (D:9)
  5 komodo dragons
  3 efreet (D:14)
  4 unseen horrors
  9 freezing wraiths
  2 bunyip simulacra (Coc:2)
  5 rime drakes
  2 tormentors
  7 tengu conjurers
  A komodo dragon (shapeshifter) (D:14)
  A steelbarb worm zombie (Crypt:1)
  8 ice devils (Hell)
  2 anaconda simulacra
  40 yaktaurs
  A golden dragon simulacrum (Coc:3)
  6 bloated husks
  2 iron giant simulacra
  A merfolk (shapeshifter) (Vaults:5)
  A harpy zombie (Crypt:2)
  4 hydra zombies
  7 trolls
  2 polar bears (Lair:3)
  10 blink frogs
  4 glass eyes
  11 hornets
  2 hydra skeletons (Hell)
  11 tyrant leeches
  7 fire giant simulacra (Coc:1)
  A spectral black mamba (Lair:2)
  A snapping turtle (shapeshifter) (Vaults:5)
  8 stone giant simulacra
  164 slime creatures
  Sigmund (D:2)
  A centaur simulacrum (Coc:2)
  3 air elementals
  A culicivora (shapeshifter) (Elf:2)
  A spriggan (shapeshifter) (D:14)
  2 jumping spiders
  6 shadows
  14 spriggans
  11 water elementals
  14 wraiths
  An alligator snapping turtle simulacrum (Coc:3)
  A fire elemental (D:14)
  30 yaks
  A spectral komodo dragon (Lair:2)
  2 wyverns
  3 dire elephant simulacra
  11 steam dragons
  4 basilisks
  A golden eye (Slime:5)
  5 wargs
  2 chaos spawn (Depths:2)
  4 vampire mosquitoes
  3 redbacks (Vaults:1)
  An elf skeleton (Vaults:2)
  10 harpy simulacra
  42 nagas
  25 swamp worms
  A faun zombie (Crypt:1)
  2 acid dragons
  A swamp worm (shapeshifter) (Depths:3)
  A glowing shapeshifter zombie (Crypt:1)
  11 hell hounds
  A fire bat skeleton (Crypt:2)
  13 water moccasins
  3 hydra simulacra
  A naga skeleton (Crypt:2)
  8 swamp drakes
  A black bear (Lair:3)
  2 sky beasts (D:7)
  25 laughing skulls
  29 orc warriors
  4 ettin simulacra
  An elephant zombie (Lair:5)
  3 boggarts
  10 centaurs
  8 wolves
  2 elephant skeletons (Lair:5)
  9 ogres
  A phantom (D:7)
  A spectral basilisk (Lair:2)
  A dream sheep skeleton (Crypt:2)
  A hog skeleton (Crypt:1)
  3 kobold brigands
  Blork the orc (D:5)
  12 bullfrogs
  A gnoll sergeant (D:9)
  A wyvern zombie (Crypt:1)
  11 small abominations
  4 earth elementals
  5 scorpions
  A human skeleton (Vaults:2)
  9 necrophages
  A yaktaur skeleton (Crypt:2)
  3 naga simulacra
  4 burial acolytes (Crypt:3)
  15 wights
  2 elephant simulacra
  10 killer bees
  10 howler monkeys
  5 electric eels
  A nameless horror (Elf:3)
  A jelly (D:7)
  4 bombardier beetles
  2 hounds
  A gnoll bouda (D:4)
  13 orc priests
  Natasha (twice) (D:2)
  Terence (D:2)
  A sleepcap (D:5)
  Ijyb (D:5)
  5 iguanas (D:5)
  25 orc wizards
  A polar bear simulacrum (IceCv)
  A deep dwarf zombie (Crypt:2)
  A deep dwarf skeleton (Crypt:2)
  A tengu skeleton (Crypt:2)
  A hound zombie (Crypt:2)
  A mummy (Crypt:2)
  A howler monkey skeleton (Crypt:1)
  12 gnolls
  6 adders
  13 white imps
  2 ribbon worms
  72 orcs
  5 endoplasms
  A giant cockroach (D:4)
  9 goblins
  7 hobgoblins
  20 jackals
  21 kobolds
  3 quokkas
  11 ball pythons
  7 bats
  3 frilled lizards (D:2)
  6 rats
  A boulder (Depths:2)
  2 fire vortices
  A foxfire (Hell)
2492 creatures vanquished.

Vanquished Creatures (collateral kills)
  A juggernaut (Coc:1)
  A tentacled monstrosity (Vaults:5)
  A lich (Vaults:5)
  2 sphinxes (Vaults:5)
  A shadow dragon (Vaults:5)
  A tengu reaver (Vaults:5)
  2 storm dragons (Vaults:5)
  A fire giant (Vaults:5)
  A deep elf elementalist (Elf:3)
  2 frost giants
  A vault warden (Vaults:5)
  An ironbound preserver (Vaults:5)
  2 stone giants (Vaults:5)
  A dire elephant (Vaults:1)
  2 ettins (Vaults:5)
  2 yaktaur captains (Vaults:5)
  A spriggan zombie (Depths:2)
  A ghost crab (Lair:2)
  A deep elf knight (Vaults:5)
  A goliath frog (Swamp:4)
  A salamander mystic (Snake:4)
  A swamp dragon (Swamp:4)
  2 deep elf zephyrmancers
  An orc sorcerer (Orc:1)
  A salamander (shapeshifter) (Elf:3)
  A cyclops (D:13)
  2 ugly things
  An elephant (Lair:5)
  An ice statue (IceCv)
  A vault sentinel (Vaults:5)
  A smoke demon (Volcano)
  An efreet (D:14)
  2 slime creatures
  A harpy simulacrum (Coc:2)
  A centaur (D:11)
  An orc wizard (Orc:1)
  27 boulders
  A foxfire (D:8)
73 creatures vanquished.

Vanquished Creatures (others)
  A dread lich (Vaults:5)
  A shadow dragon (Vaults:5)
  A fenstrider witch (Swamp:1)
  A peacekeeper (Vaults:4)
  A bog body (Swamp:1)
  A deep elf pyromancer (Elf:2)
  An anaconda simulacrum (Coc:3)
  A centaur simulacrum (D:14)
  A swamp worm (Swamp:1)
  A killer bee (D:9)
  An orc priest (Orc:2)
  Natasha (D:2)
  3 orcs
  35 blazeheart cores
  21 boulders
  64 fire vortices
  1878 foxfires
  4 tentacles (Hell)
2017 creatures vanquished.

Grand Total: 4582 creatures vanquished

Notes
Turn   | Place    | Note
-------+----------+-------------------------------------------
     0 | D:1      | Conn the Octopode Fire Elementalist began the quest for the
                  | Orb.
     0 | D:1      | Reached XP level 1. HP: 11/11 MP: 3/3
    74 | D:1      | Noticed a golden eye
    77 | D:1      | Found a faded altar of an unknown god.
    80 | D:1      | Noticed a glass eye
    80 | D:1      | Noticed a great orb of eyes
    80 | D:1      | Noticed a glass eye
   246 | D:1      | Reached XP level 2. HP: 16/17 MP: 5/5
   521 | D:1      | Reached XP level 3. HP: 15/21 MP: 4/6
   531 | D:1      | Learned a level 2 spell: Scorch
   535 | D:1      | Learned a level 3 spell: Inner Flame
  1174 | D:2      | Noticed Natasha
  1185 | D:2      | Killed Natasha
  1186 | D:2      | Reached XP level 4. HP: 27/27 MP: 1/7
  1365 | D:2      | Noticed Natasha
  1373 | D:2      | Killed Natasha
  1374 | D:2      | Reached skill level 1 in Hexes
  1543 | D:2      | Found a radiant altar of Vehumet.
  1614 | D:2      | Noticed Natasha
  1616 | D:2      | Noticed Sigmund
  1619 | D:2      | Your ally Natasha died
  1620 | D:2      | Reached XP level 5. HP: 31/31 MP: 2/9
  1936 | D:2      | Noticed Terence
  1939 | D:2      | Killed Terence
  2106 | D:2      | Killed Sigmund
  2107 | D:2      | Reached skill level 1 in Fighting
  2107 | D:2      | Reached skill level 1 in Axes
  2107 | D:2      | Reached XP level 6. HP: 32/38 MP: 0/10
  2334 | D:3      | Found a white marble altar of Elyvilon.
  2974 | D:3      | Reached XP level 7. HP: 43/43 MP: 4/11
  3315 | D:4      | Learned a level 4 spell: Flame Wave
  3318 | D:4      | Learned a level 2 spell: Blink
  3530 | D:4      | Found an iron altar of Okawaru.
  3530 | D:4      | Found a glowing golden altar of the Shining One.
  4014 | D:4      | Reached skill level 5 in Stealth
  4268 | D:4      | Found a broken altar of Ashenzari.
  4461 | D:4      | Reached skill level 1 in Translocations
  4568 | D:5      | Entered Level 5 of the Dungeon
  4570 | D:5      | Found a staircase to the Ecumenical Temple.
  4580 | Temple   | Entered the Ecumenical Temple
  4737 | D:5      | Found a blossoming altar of Fedhas.
  4751 | D:5      | Reached XP level 8. HP: 48/50 MP: 13/13
  5023 | D:5      | Noticed Blork the orc
  5034 | D:5      | Killed Blork the orc
  5195 | D:5      | Found a shimmering blue altar of Sif Muna.
  5202 | D:5      | Became a worshipper of Sif Muna the Loreminder
  5431 | D:5      | Noticed Ijyb
  5437 | D:5      | Killed Ijyb
  5942 | D:7      | Found an opulent altar of Gozag.
  6093 | D:7      | Reached skill level 5 in Fire Magic
  6093 | D:7      | Reached XP level 9. HP: 57/57 MP: 11/15
  6218 | D:7      | Found a shadowy altar of Dithmenos.
  6827 | D:6      | Found Wonag's Antique Armour Shop.
  6990 | D:6      | Reached * piety under Sif Muna
  7010 | D:6      | Found Zuup's Book Emporium.
  7692 | D:7      | Reached skill level 1 in Throwing
  8147 | D:8      | Found a transporter.
  8164 | D:8      | Noticed a two-headed ogre
  8310 | D:8      | Found an ancient bone altar of Kikubaaqudgha.
  8333 | D:8      | Reached skill level 5 in Dodging
  8333 | D:8      | Reached skill level 5 in Hexes
  8576 | D:8      | Killed a two-headed ogre
  8577 | D:8      | Reached skill level 1 in Shields
  8577 | D:8      | Reached XP level 10. HP: 65/65 MP: 7/17
  8662 | D:8      | Found a transporter.
  8666 | D:8      | Found a transporter.
  8668 | D:8      | Found a transporter.
  8787 | D:8      | Found a bloodstained altar of Trog.
  9154 | D:9      | Noticed Jeremiah
  9180 | D:8      | Reached skill level 5 in Spellcasting
  9365 | D:9      | Killed Jeremiah
  9366 | D:9      | Reached skill level 5 in Conjurations
  9633 | D:9      | Found a staircase to the Lair.
  9639 | D:9      | Reached ** piety under Sif Muna
  9646 | D:9      | Identified a scroll of acquirement
  9646 | D:9      | Acquired a staff of conjuration
  9656 | D:9      | Found a sacrificial altar of Ru.
 10082 | D:9      | Reached skill level 1 in Invocations
 10088 | D:9      | Reached skill level 5 in Fighting
 10283 | D:9      | Noticed Maggie
 10290 | D:9      | Killed Maggie
 10291 | D:9      | Reached XP level 11. HP: 71/71 MP: 8/19
 10675 | D:6      | Bought a book of Blasting for 364 gold pieces
 10680 | D:6      | Learned a level 4 spell: Iskenderun's Mystic Blast
 10821 | D:10     | Entered Level 10 of the Dungeon
 11664 | D:10     | Found a radiant altar of Vehumet.
 12025 | D:11     | Noticed a boulder beetle
 12396 | D:11     | Noticed a two-headed ogre
 12405 | D:11     | Killed a two-headed ogre
 12785 | D:11     | Killed a boulder beetle
 12785 | D:11     | Reached *** piety under Sif Muna
 12786 | D:11     | Reached skill level 5 in Throwing
 13228 | D:11     | Found a staircase to the Orcish Mines.
 13784 | D:11     | Reached skill level 5 in Translocations
 13956 | D:12     | Gained mutation: Your spells are a little harder to cast,
                  | but a little more powerful. [potion of mutation]
 13956 | D:12     | Gained mutation: Your flesh is cold resistant. (rC+)
                  | [potion of mutation]
 14000 | D:12     | Noticed a cyclops
 14011 | D:12     | Killed a cyclops
 14198 | D:12     | Learned a level 4 spell: Summon Blazeheart Golem
 14268 | D:12     | You fall into a shaft and drop 2 floors!
 14312 | D:14     | Noticed a boulder beetle
 14319 | D:14     | Killed a boulder beetle
 14324 | D:14     | Reached skill level 1 in Summonings
 14330 | D:14     | a wind drake changed into a harpy
 14330 | D:14     | Noticed a harpy (shapeshifter)
 14334 | D:14     | Killed a harpy
 14350 | D:14     | Noticed a two-headed ogre
 14362 | D:14     | Killed a two-headed ogre
 14363 | D:14     | Reached XP level 12. HP: 72/79 MP: 0/21
 14498 | D:14     | Noticed a seven-headed hydra
 14512 | D:14     | Killed a seven-headed hydra
 14520 | D:14     | Noticed a boulder beetle
 14527 | D:14     | Killed a boulder beetle
 14608 | D:14     | Noticed a boulder beetle
 14621 | D:14     | Killed a boulder beetle
 15277 | D:14     | a sky beast changed into an entropy weaver
 15277 | D:14     | Noticed an entropy weaver (shapeshifter)
 15281 | D:14     | an entropy weaver changed into a komodo dragon
 15407 | D:13     | Noticed a centaur warrior
 15427 | D:13     | Killed a centaur warrior
 15738 | D:13     | Noticed a centaur warrior
 15750 | D:13     | Killed a centaur warrior
 15759 | D:13     | Reached skill level 5 in Shields
 15761 | D:13     | Noticed Urug
 15863 | D:13     | Noticed a tengu warrior
 15867 | D:13     | Killed a tengu warrior
 15875 | D:13     | Noticed a tengu warrior
 15889 | D:13     | Killed a tengu warrior
 15906 | D:13     | Killed Urug
 16032 | D:13     | Found a frozen archway.
 16041 | D:13     | Reached XP level 13. HP: 69/85 MP: 3/23
 16060 | IceCv    | Entered an ice cave
 16121 | IceCv    | Found a transporter.
 16129 | IceCv    | Found a transporter.
 16152 | IceCv    | Reached skill level 5 in Summonings
 16152 | IceCv    | Reached skill level 5 in Invocations
 16784 | D:13     | Found a shimmering blue altar of Sif Muna.
 16957 | D:13     | Noticed Jorgrun
 16968 | D:13     | Killed Jorgrun
 17038 | D:13     | Found a gate to the Vaults.
 17038 | D:13     | Noticed a tengu reaver
 17052 | D:13     | Killed a tengu reaver
 17503 | Orc:1    | Entered Level 1 of the Orcish Mines
 17503 | Orc:1    | Found Fink's Armour Shop.
 17519 | Orc:1    | Paralysed by an orc sorcerer for 3 turns
 17777 | D:11     | Learned a level 4 spell: Summon Lightning Spire
 18636 | D:14     | Reached skill level 1 in Air Magic
 18708 | D:14     | Reached **** piety under Sif Muna
 19383 | D:14     | Reached XP level 14. HP: 67/92 MP: 14/25
 20004 | D:14     | Noticed Azrael
 20387 | Orc:1    | Noticed Harold
 20394 | Orc:1    | Killed Harold
 21387 | Orc:2    | Entered Level 2 of the Orcish Mines
 21615 | Orc:2    | Noticed an orc warlord
 21905 | Orc:2    | Killed an orc warlord
 22173 | Orc:2    | Reached skill level 10 in Conjurations
 23156 | Orc:2    | Noticed an orc warlord
 23174 | Orc:2    | Killed an orc warlord
 23327 | Orc:2    | Found a staircase to the Elven Halls.
 23756 | Orc:2    | Found Liwaitt's General Store.
 23756 | Orc:2    | Found Qyawec's Jewellery Shop.
 23758 | Orc:2    | Found Pushro's Jewellery Shoppe.
 23758 | Orc:2    | Found Fuips's Armour Shop.
 23764 | Orc:2    | Bought a potion of lignification for 51 gold pieces
 23767 | Orc:2    | Bought a ring of fire for 350 gold pieces
 23773 | Orc:2    | Bought a ring of magical power for 280 gold pieces
 23773 | Orc:2    | Bought a ring of wizardry for 420 gold pieces
 23791 | Orc:2    | Bought an amulet of reflection for 510 gold pieces
 24177 | Lair:1   | Entered Level 1 of the Lair of Beasts
 24403 | Lair:1   | Learned a level 4 spell: Brom's Barrelling Boulder
 24480 | Lair:1   | Reached ***** piety under Sif Muna
 24481 | Lair:1   | Reached skill level 1 in Earth Magic
 25318 | Lair:2   | Found a staircase to the Snake Pit.
 25541 | D:13     | Got Sif Muna's Commentary on Snow
 25543 | D:13     | Got Sif Muna's Papyrus of Relativism
 25927 | Lair:2   | Reached XP level 15. HP: 49/96 MP: 21/27
 26095 | Lair:2   | Found a staircase to the Swamp.
 26667 | Lair:3   | Found a dark tunnel.
 26676 | Volcano  | Entered a volcano
 27686 | Lair:3   | Noticed Josephine
 27699 | Lair:3   | Killed Josephine
 28212 | Lair:4   | Received a gift from Sif Muna
 28639 | Lair:4   | Got Sif Muna's Precepts of Burning {god gift}
 29300 | Lair:5   | Entered Level 5 of the Lair of Beasts
 31052 | Lair:5   | Reached skill level 5 in Air Magic
 31437 | D:6      | Bought a book of the Dragon for 546 gold pieces
 31443 | D:6      | Learned a level 5 spell: Fireball
 31628 | Lair:5   | Reached XP level 16. HP: 103/108 MP: 0/29
 31757 | Lair:5   | Received a gift from Sif Muna
 31764 | Lair:5   | Got Sif Muna's Directory of Atmospheric Bruises {god gift}
 32098 | Lair:5   | Found a viscous altar of Jiyva.
 32099 | Lair:5   | Found a staircase to the Slime Pits.
 33151 | Swamp:1  | Entered Level 1 of the Swamp
 33427 | Swamp:1  | Reached skill level 10 in Fire Magic
 34043 | Swamp:1  | Reached skill level 10 in Spellcasting
 34046 | Swamp:1  | Identified the serpent talisman of Lyizeycsux {rElec}
 34046 | Swamp:1  | Noticed Aizul
 34054 | Swamp:1  | Killed Aizul
 35206 | Swamp:1  | Got the Encyclopedia of Reanimation Made Easy
 35315 | Swamp:1  | Found a runed translucent door.
 35318 | Swamp:1  | Noticed topfpfpflanze's ghost (adept FeCj)
 35401 | Swamp:1  | Killed topfpfpflanze's ghost
 35405 | Swamp:1  | Identified the +5 chain mail "Itysizxu" {rC+ rN+ Stlth+}
 35707 | Swamp:1  | Noticed a fenstrider witch
 35710 | Swamp:1  | Killed a fenstrider witch
 35837 | Swamp:1  | Got the Dissertation on the Mutable Crypt
 35960 | Swamp:2  | Reached skill level 10 in Invocations
 35969 | Swamp:2  | Received a gift from Sif Muna
 36285 | Swamp:2  | Reached skill level 10 in Fighting
 36523 | Swamp:2  | Identified the +1 robe of Puifahoi {^Drain rElec rC+++
                  | Str-3}
 37199 | Swamp:3  | Reached XP level 17. HP: 115/115 MP: 25/31
 37993 | Swamp:4  | Entered Level 4 of the Swamp
 39935 | Swamp:4  | Noticed the 27-headed Lernaean hydra
 39944 | Swamp:4  | Killed the 27-headed Lernaean hydra
 40321 | Swamp:4  | Got a decaying rune of Zot
 40575 | Swamp:4  | Reached skill level 10 in Shields
 41180 | Snake:1  | Entered Level 1 of the Snake Pit
 41655 | Snake:1  | Received a gift from Sif Muna
 41683 | Snake:1  | Learned a level 6 spell: Plasma Beam
 42459 | Snake:2  | Found a transporter.
 42476 | Snake:2  | Found a transporter.
 43418 | Snake:2  | Reached XP level 18. HP: 103/122 MP: 14/34
 45218 | Snake:4  | Entered Level 4 of the Snake Pit
 46817 | Snake:4  | Received a gift from Sif Muna
 48244 | Snake:4  | Found Esued's General Store.
 48246 | Snake:4  | Found Deceugh's Armour Emporium.
 48248 | Snake:4  | Found Wuoff's Assorted Antiques.
 48256 | Snake:4  | Bought a vibrating marble ring for 130 gold pieces
 48256 | Snake:4  | Identified the ring "Elat" {rCorr MP+9} (You bought it in a
                  | shop on level 4 of the Snake Pit)
 48256 | Snake:4  | Bought a fading sling for 169 gold pieces
 48256 | Snake:4  | Identified the +2 sling "Killer Bee's Foe" {antimagic,
                  | Will+ Dex-4 Stlth+} (You bought it in a shop on level 4 of
                  | the Snake Pit)
 48570 | Snake:4  | Got a serpentine rune of Zot
 49198 | Elf:1    | Entered Level 1 of the Elven Halls
 49630 | Elf:1    | Found Plog's Book Emporium.
 49682 | Elf:1    | Found an ancient bone altar of Kikubaaqudgha.
 49872 | Elf:1    | You fall into a shaft and drop 1 floor!
 50416 | Elf:2    | Reached XP level 19. HP: 114/127 MP: 28/36
 50880 | Elf:2    | Found a runed translucent gate.
 50881 | Elf:2    | Found a runed translucent gate.
 50881 | Elf:2    | Found a runed translucent gate.
 51153 | Elf:1    | Identified the +2 robe of the Spheres {Regen+ Stlth+}
 51196 | Elf:1    | Found Dizet's Jewellery Shop.
 51199 | Elf:1    | Bought the ring "Syexa" {rCorr Int+3 Dex+7 Stlth-} for 559
                  | gold pieces
 51372 | Elf:1    | Found Suotoeni's Magic Scroll Shoppe.
 51375 | Elf:1    | Bought a scroll of blinking for 112 gold pieces
 51375 | Elf:1    | Bought a scroll of brand weapon for 142 gold pieces
 53462 | Elf:3    | Entered Level 3 of the Elven Halls
 55010 | Elf:3    | HP: 5/127 [deep elf blademaster/+0 quick blade (6)]
 56207 | Elf:3    | Identified the ring "Hanufux" {Wiz Dex+3}
 56227 | Elf:3    | Reached skill level 10 in Air Magic
 56227 | Elf:3    | Reached XP level 20. HP: 88/134 MP: 6/38
 57198 | Elf:3    | Got the Omnibus of Philately
 57231 | Elf:3    | Identified the staff "Ibboud Dant" {rElec rPois Air}
 57700 | Slime:1  | Entered Level 1 of the Pits of Slime
 58168 | Slime:2  | Received a gift from Sif Muna
 58657 | Slime:3  | Gained mutation: You sometimes lose your temper in combat.
                  | [a shining eye]
 58659 | Slime:3  | Gained mutation: You occasionally lose the ability to read
                  | scrolls when taking damage. [a shining eye]
 58853 | Slime:1  | Paralysed by a formless jellyfish for 1 turns
 58863 | Slime:1  | Reached skill level 15 in Invocations
 59259 | Slime:2  | Got Sif Muna's Improving Your Witchery {god gift}
 59540 | Slime:3  | Gained mutation: You do not regenerate when monsters are
                  | visible. [a shining eye]
 59541 | Slime:3  | Gained mutation: You are occasionally teleported next to
                  | monsters. [a shining eye]
 59651 | Swamp:1  | Lost mutation: You are occasionally teleported next to
                  | monsters. [potion of mutation]
 59651 | Swamp:1  | Lost mutation: Your spells are a little harder to cast, but
                  | a little more powerful. [potion of mutation]
 59651 | Swamp:1  | Gained mutation: You have a beak for a mouth. [potion of
                  | mutation]
 59651 | Swamp:1  | Gained mutation: One of your tentacles bears a spike.
                  | [potion of mutation]
 59652 | Swamp:1  | Lost mutation: One of your tentacles bears a spike. [potion
                  | of mutation]
 59652 | Swamp:1  | Lost mutation: You occasionally lose the ability to read
                  | scrolls when taking damage. [potion of mutation]
 59652 | Swamp:1  | Gained mutation: You have an uncontrollable temper. [potion
                  | of mutation]
 59653 | Swamp:1  | Lost mutation: You do not regenerate when monsters are
                  | visible. [potion of mutation]
 59653 | Swamp:1  | Lost mutation: You have an uncontrollable temper. [potion
                  | of mutation]
 59653 | Swamp:1  | Gained mutation: You are strong-willed. (Will+) [potion of
                  | mutation]
 59970 | Vaults:1 | Entered Level 1 of the Vaults
 59970 | Vaults:1 | Found Erphied's Book Shop.
 60159 | Vaults:1 | Bought a book of Dangerous Friends for 882 gold pieces
 60169 | Vaults:1 | Learned a level 7 spell: Orb of Destruction
 60241 | Vaults:1 | Received a gift from Sif Muna
 60242 | Vaults:1 | Got Sif Muna's Lectures on Conflict {god gift}
 61823 | Vaults:1 | Reached skill level 15 in Spellcasting
 62211 | Vaults:1 | Reached XP level 21. HP: 138/138 MP: 27/40
 62355 | Vaults:1 | Noticed Boris
 62359 | Vaults:1 | Killed Boris
 63038 | Vaults:1 | Found a portal to a secret trove of treasure.
 63545 | Snake:4  | Bought a scroll of teleportation for 78 gold pieces
 63545 | Snake:4  | Bought a scroll of teleportation for 78 gold pieces
 64043 | Vaults:1 | You paid a toll of 15 scrolls of teleportation to enter a
                  | treasure trove
 64044 | Trove    | Entered a treasure trove
 64049 | Trove    | Found the +3 warlock's mirror {omnireflect}
 64049 | Trove    | Found the +3 crown of Dyrovepreva {rElec Int+2 SInv}
 64059 | Trove    | Identified the ring "Tiewaloeps" {rElec rPois Slay+4}
 64318 | Vaults:1 | Received a gift from Sif Muna
 64920 | Vaults:1 | Reached skill level 1 in Alchemy
 65403 | Vaults:1 | Reached skill level 1 in Staves
 66603 | Vaults:2 | Acquired 817 gold pieces
 66920 | Vaults:2 | Reached skill level 15 in Conjurations
 66928 | Vaults:2 | Received a gift from Sif Muna
 67095 | Vaults:2 | Got Gutruzxu's Vellum of Violence and the Jaunt {god gift}
 67288 | Vaults:2 | Learned a level 8 spell: Ignition
 67494 | Vaults:2 | Found a staircase to the Crypt.
 67966 | Vaults:2 | Reached XP level 22. HP: 115/146 MP: 22/41
 69781 | Vaults:3 | Paralysed by a sphinx for 2 turns
 69960 | Vaults:3 | Received a gift from Sif Muna
 71041 | Vaults:3 | Received a gift from Sif Muna
 71155 | Vaults:3 | Reached skill level 5 in Staves
 71303 | Vaults:3 | Reached skill level 15 in Fire Magic
 71306 | Vaults:3 | Noticed Zenata
 71311 | Vaults:3 | HP: 6/148 [vault guard/+0 long sword[a vault warden] (21)]
 71740 | Vaults:3 | Killed Zenata
 72382 | Vaults:3 | Identified the +0 plate armour of Intense Life {Dex+3}
 72861 | Vaults:4 | Reached XP level 23. HP: 153/153 MP: 30/43
 73395 | Vaults:4 | Found a runed translucent gate.
 73395 | Vaults:4 | Found a runed translucent gate.
 73395 | Vaults:4 | Found a runed translucent gate.
 73395 | Vaults:4 | Noticed AgonHex's ghost (veteran HOFi)
 73409 | Vaults:4 | Learned a level 6 spell: Dispersal
 73500 | Vaults:4 | Received a gift from Sif Muna
 73551 | Vaults:4 | Noticed Jory
 73560 | Vaults:4 | Killed Jory
 75531 | Vaults:5 | Entered Level 5 of the Vaults
 75547 | Vaults:5 | Received a gift from Sif Muna
 75557 | Vaults:5 | Got Sif Muna's Book of Doom and Topology {god gift}
 75633 | Vaults:5 | Noticed a dread lich
 75643 | Vaults:5 | Noticed a dread lich
 75650 | Vaults:5 | Killed a dread lich
 75651 | Vaults:5 | Reached skill level 10 in Translocations
 75654 | Vaults:5 | Reached XP level 24. HP: 82/162 MP: 8/43
 75658 | Vaults:5 | Identified the ring of Law {rPois Str+3 Dex+3 SInv}
 75677 | Vaults:5 | Killed a dread lich
 75687 | Vaults:5 | Noticed a dread lich
 75698 | Vaults:5 | Killed a dread lich
 76003 | Vaults:5 | Got a silver rune of Zot
 76274 | Vaults:5 | Got Unoxzoke's Precepts of Impulse and Metal
 76377 | Vaults:5 | Identified the +0 leather armour "Joffis" {Harm rCorr MP-9}
 76441 | Vaults:5 | Identified the amulet "Geotytoc" {Regen+ Int+5 Stlth+}
 76464 | Vaults:5 | Identified the +8 short sword "Killer Bee's Regret" {flame,
                  | rElec}
 77217 | Vaults:4 | Killed AgonHex's ghost
 78217 | Slime:5  | Entered Level 5 of the Pits of Slime
 78324 | Slime:5  | Noticed the Royal Jelly
 78480 | Slime:5  | Found a viscous altar of Jiyva.
 78529 | Slime:5  | Killed the Royal Jelly
 79127 | Slime:5  | Identified the +0 leather armour of Free Expression
                  | {Regen+}
 79148 | Slime:5  | Got a slimy rune of Zot
 79457 | Slime:5  | Identified the staff "Zutoih" {^Fragile rPois Dex+4 Stlth+
                  | Conj Alchemy}
 79478 | Slime:5  | Learned a level 9 spell: Fire Storm
 79496 | Slime:5  | Identified the +8 dagger of Paqewakh {drain, *Rage Str+4
                  | Dex-2 SInv}
 79532 | Slime:5  | Identified the +0 leather armour of Leic {Fly rN+ Str-3}
 79538 | Slime:5  | Identified the +1 pair of gloves of Chimes {rElec}
 80244 | Lair:5   | Identified the ring "Dagauf" {rElec rN+}
 80694 | Crypt:1  | Entered Level 1 of the Crypt
 81524 | Crypt:1  | Noticed Boris
 81613 | Crypt:1  | Killed Boris
 81614 | Crypt:1  | Reached XP level 25. HP: 169/169 MP: 21/44
 82165 | Crypt:1  | Noticed Heot Zafel's ghost (veteran MiGl)
 82262 | Crypt:1  | Identified the maw talisman of Inference {rElec rF+ Str-3}
 82619 | Crypt:1  | Found a transporter.
 82673 | Crypt:1  | Found a transporter.
 82983 | Crypt:1  | Received a gift from Sif Muna
 85395 | Crypt:2  | Noticed Khufu
 85401 | Crypt:2  | Noticed a royal mummy
 85402 | Crypt:2  | Noticed a royal mummy
 85404 | Crypt:2  | Killed Khufu
 85647 | Crypt:2  | Killed a royal mummy
 85648 | Crypt:2  | Killed a royal mummy
 86756 | Crypt:3  | Entered Level 3 of the Crypt
 87141 | Crypt:3  | Found an ancient bone altar of Kikubaaqudgha.
 88197 | Crypt:3  | Received a gift from Sif Muna
 88198 | Crypt:3  | Got Gyinown's Notes on the Telluric Snowflakes {god gift}
 88928 | Crypt:3  | Found a staircase to the Tomb.
 89152 | Crypt:3  | Identified the staff of Recklessness {rN+ Will+ Necro}
 89152 | Crypt:3  | Identified the death talisman of a sewer {Fly Int+8 Slay-6
                  | Stlth-}
 89301 | Crypt:3  | Reached XP level 26. HP: 175/175 MP: 34/45
 90220 | D:14     | Killed Azrael
 90351 | D:15     | Entered Level 15 of the Dungeon
 90712 | D:15     | Found a staircase to the Depths.
 91240 | D:15     | Noticed Roxanne
 91253 | D:15     | Killed Roxanne
 91657 | Depths:1 | Entered Level 1 of the Depths
 92628 | Depths:1 | Found Caxea's Jewellery Shoppe.
 92693 | Depths:1 | Found a one-way gateway to a ziggurat.
 92693 | Depths:1 | Found a gateway to Hell.
 93006 | Depths:1 | Found a snail-covered altar of Cheibriados.
 93443 | Depths:2 | Received a gift from Sif Muna
 93726 | Depths:2 | Noticed an ancient lich
 93730 | Depths:2 | Killed an ancient lich
 94791 | Depths:2 | Found a one-way gate to the infinite horrors of the Abyss.
 94807 | Depths:2 | Found a one-way gate leading to the halls of Pandemonium.
 95370 | Depths:2 | Received a gift from Sif Muna
 95371 | Depths:2 | Got Sif Muna's Lectures on Summoned Inhalation {god gift}
 97769 | Depths:3 | Reached skill level 10 in Dodging
 97769 | Depths:3 | Reached XP level 27. HP: 182/182 MP: 12/46
 99694 | Depths:4 | Entered Level 4 of the Depths
 99979 | Depths:4 | Received a gift from Sif Muna
100679 | Depths:4 | Identified the +6 broad axe of Generosity {freeze, rElec
                  | rPois}
100753 | Depths:4 | Found a gate to the Realm of Zot.
101361 | Depths:4 | Noticed a juggernaut
101366 | Depths:4 | Killed a juggernaut
102324 | Hell     | Entered the Vestibule of Hell
102325 | Hell     | Noticed Geryon
102472 | Hell     | Received a gift from Sif Muna
102714 | Depths:4 | Learned a level 9 spell: Chain Lightning
102724 | Hell     | Killed Geryon
103177 | Hell     | Found a gateway to the Iron City of Dis.
103355 | Hell     | Found a gateway to the freezing wastes of Cocytus.
103621 | Hell     | Found a gateway to the ashen valley of Gehenna.
103667 | Hell     | Found a gateway to the decaying netherworld of Tartarus.
104273 | D:6      | Bought a book of Ice for 650 gold pieces
104282 | D:6      | Learned a level 8 spell: Lehudib's Crystal Spear
104667 | Geh:1    | Entered Level 1 of Gehenna
104673 | Hell     | Learned a level 2 spell: Ensorcelled Hibernation
104870 | Geh:1    | Reached skill level 1 in Ice Magic
105078 | Dis:1    | Entered Level 1 of the Iron City of Dis
105199 | Coc:1    | Entered Level 1 of Cocytus
105199 | Coc:1    | Noticed a juggernaut
105199 | Coc:1    | Noticed a juggernaut
105205 | Coc:1    | Killed a juggernaut
105206 | Coc:1    | Reached skill level 10 in Stealth
105208 | Coc:1    | Killed a juggernaut
105212 | Coc:1    | Noticed a juggernaut
105227 | Coc:1    | Killed a juggernaut
105230 | Coc:1    | Noticed a juggernaut
105237 | Coc:1    | Received a gift from Sif Muna
105243 | Coc:1    | Killed a juggernaut
105256 | Coc:1    | Noticed a juggernaut
105271 | Coc:1    | Killed a juggernaut
105494 | Coc:1    | Noticed a juggernaut
105500 | Coc:1    | Killed a juggernaut
105713 | Coc:1    | Noticed a juggernaut
105720 | Coc:1    | Killed a juggernaut
105860 | Coc:1    | Noticed a juggernaut
105863 | Coc:1    | Noticed a juggernaut
105870 | Coc:1    | Killed a juggernaut
105876 | Coc:1    | Killed a juggernaut
106320 | Coc:1    | Noticed a juggernaut
106330 | Coc:1    | Killed a juggernaut
106634 | Coc:2    | Reached skill level 5 in Earth Magic
106988 | Coc:2    | Reached skill level 15 in Fighting
107458 | Coc:3    | Received a gift from Sif Muna
107461 | Coc:3    | Paralysed by a wendigo for 1 turns
107775 | Coc:4    | HP: 5/186 [caustic shrike simulacrum (10)]
107775 | Coc:4    | HP: 1/186 [caustic shrike simulacrum (4)]
107775 | Coc:4    | Mangled by a caustic shrike simulacrum

Illustrated notes

Levels and vault maps discovered:
D:1:      wander_arrival_estate, layout_basic,
          hellmonk_ecumenical_altar_watching_god
D:2:      layout_loops_ring, basic_altar, uniq_sigmund, uniq_terence,
          uniq_natasha
D:3:      layout_loops_ring, nicolae_elyvilon_peaceful_grove,
          kennysheep_big_empty_room
D:4:      layout_basic, lemuel_coloured_pillars_altar,
          gammafunk_temple_overflow_pools
D:5:      layout_basic, fedhas_altar_1, mainiacjoe_overflow_boulevard,
          minmay_temple_entry_overgrown, uniq_ijyb, uniq_blork_the_orc
D:6:      layout_basic, serial_shops, nicolae_square_shop, shop
D:7:      layout_gridville, mainiacjoe_overflow_small_starburst,
          nicolae_dithmenos_shadow_blocks, st_stairs_4
D:8:      layout_loops_ring, general_overflow_altar, kiku_gazebo_garden_becter,
          nicolae_diode_intersection
D:9:      layout_big_octagon, lemuel_tele_altar, uniq_jeremiah, uniq_maggie
D:10:     layout_basic, nicolae_vehumet_radiance, nrook_campfire
D:11:     layout_basic, david_orc_1_choice, minivault_5, roderic_lattice_a
D:12:     layout_basic, minmay_rotating_lava
D:13:     layout_stronghold, hellmonk_vaults_attempted_burglary,
          portal_ice_cave_entry_imps, nicolae_sif_muna_little_library,
          uniq_urug, uniq_jorgrun
D:14:     minmay_the_grid_triangle_9x9_recursive_3_mashed
          [minmay_the_grid_triangle_9x9_thin_v,
          minmay_the_grid_triangle_9x9_flanged_cone,
          minmay_the_grid_triangle_9x9_windchime,
          minmay_the_grid_triangle_9x9_prize_top_heavy,
          minmay_the_grid_triangle_9x9_sparse_checkered,
          minmay_the_grid_triangle_9x9_warning,
          minmay_the_grid_triangle_9x9_corrupted_corridor,
          minmay_the_grid_triangle_9x9_empty,
          minmay_the_grid_triangle_9x9_zippers_horizontal], layout_loops_ring,
          roderic_roman_lattice, uniq_azrael
D:15:     hangedman_depths_entry_civil_slaughter, layout_gridville, uniq_roxanne
Temple:   nicolae_temple_bog_church
Lair:1:   layout_hall_layers
Lair:2:   layout_chaotic_city, nicolae_swamp_entry_spooky,
          minmay_snake_entry_guardpost_small, chequers_serial_rivers_micro_d,
          eino_small_chamber_without_monster
Lair:3:   layout_loops_ring, nicolae_volcano_entry_two_sided,
          forest_entry_grove, uniq_josephine
Lair:4:   layout_small_grid, infiniplex_staircase_pool_2
Lair:5:   due_jungle_book, layout_loops_ring, dpeg_slime_entry_enclosed,
          bobbens_dragon_lair_wall
Swamp:1:  regret_index_all_hallows'_manor, layout_falls_marsh,
          gammafunk_ghost_grave, evilmike_swamp_ruin_wall,
          nicolae_swamp_very_dense_foliage, nicolae_swamp_necromancy_gone_wrong,
          uniq_aizul
Swamp:2:  layout_basic_swamp, nicolae_swamp_oxbows
Swamp:3:  layout_basic_swamp, hangedman_swamp_diagram, infiniplex_staircase_pool
Swamp:4:  grunt_swamp_rune_castle, layout_basic_swamp, swamp_pool_1_2,
          serial_swamp_ruin, evilmike_swamp_ruin_rubble_1,
          evilmike_swamp_ruin_house_1
Snake:1:  layout_basic, serial_corexii_hall, corexii_hall_statues_s,
          corexii_hall_statues_x, grunt_ministairs_11
Snake:2:  gammafunk_sealed_arena, layout_layer_cave
Snake:3:  layout_misc_corridors, grunt_megastairs_1
Snake:4:  johnstein_snake_rune_scales, layout_rooms, minmay_shop_star
Slime:1:  layout_caves, cheibrodos_slime_lost_civilization_4
Slime:2:  layout_caves
Slime:3:  layout_caves
Slime:4:  layout_caves
Slime:5:  slime_pit
Orc:1:    layout_caves, serial_shops, shop, blackcustard_rock_pile, uniq_harold
Orc:2:    grunt_orc_tribal_feast, layout_caves, elf_legates
Elf:1:    layout_geoelf_octagon, basic_altar, serial_shops, shop, shop,
          nicolae_shop_rolled_up, nicolae_elf_crossing_hall, corexii_checkpoint
Elf:2:    nicolae_elf_blades_crystal_corner, layout_geoelf_octagon
Elf:3:    elf_hall, layout_geoelf_castle
Vaults:1: st_check, nicolae_vaults_hallways_thing, nicolae_vaults_arrows,
          nicolae_vaults_doubleplus_tesselated, nicolae_vaults_more_shelving_1,
          hangedman_vaults_corner, nicolae_vaults_more_shelving_2,
          layout_vaults_omnigrid, serial_shops, nicolae_shop_waterfront,
          enter_trove_5, uniq_boris
Vaults:2: v_misc_15, ontoclasm_vaults_ring_large, nicolae_vaults_prndl,
          v_misc_27, vaults_room_fancy_cross, nicolae_vaults_little_squares_5,
          nicolae_vaults_closet_pinwheel_4, nicolae_vaults_branching_niches,
          minmay_crypt_entry_simple_statues, grunt_vaults_trifunnel,
          vaults_room_semicircle, ontoclasm_vaults_decontamination,
          nicolae_vaults_house_3, nicolae_vaults_surprise_closet, v_misc_12,
          layout_vaults_omnibox
Vaults:3: ontoclasm_vaults_chip, ontoclasm_vaults_shuriken, vaults_dpeg_hooks,
          nicolae_vaults_network_quinsquares
          [nicolae_vaults_network_quincunx_subvault,
          nicolae_vaults_network_quincunx_subvault,
          nicolae_vaults_network_quincunx_subvault,
          nicolae_vaults_network_quincunx_subvault],
          nicolae_vaults_antechamber_and_loot_room,
          nicolae_vaults_trapezoid_layered, vaults_standard_mumra_lines,
          nicolae_vaults_network_star, v_rooms_2, v_alt_pattern_5,
          hangedman_vaults_impose, layout_vaults_maze, uniq_zenata
Vaults:4: gammafunk_ghost_spectres, vaults_dpeg_diagonal,
          hangedman_vaults_snaps, vaults_room_fours, nicolae_vaults_stand_back,
          grunt_vaults_hallway_short, nicolae_vaults_lightning_bolt,
          ontoclasm_vaults_pinch, ontoclasm_vaults_misaligned,
          nicolae_vaults_puzzle_piece, nicolae_vaults_weapon_check,
          vaults_room_hallway, nicolae_vaults_network_periphery,
          hangedman_vaults_cutoff, nicolae_vaults_theta, vaults_room_pool,
          vaults_room_stairs_pillars, vaults_room_door_ring, layout_vaults_ring,
          uniq_jory
Vaults:5: serial_shops
Crypt:1:  layout_basic, gammafunk_ghost_mausoleum
Crypt:2:  layout_gridlike, special_room [special_room_morgue], uniq_margery,
          uniq_khufu
Crypt:3:  grunt_crypt_end_deaths_head
Depths:1: layout_basic, enter_ziggurat_f, hell_entry, serial_shops, shop,
          slow_altar_2, grunt_megastairs_5, hangedman_decor_cross_pass
Depths:2: bobbens_index_wilting_gardens, layout_basic, minmay_room_of_horrors,
          grunt_hell_entry_dis_mu, pan_entry, chequers_serial_rivers_micro_c
Depths:3: grunt_runaround [grunt_runaround_loot, grunt_runaround_doors_1,
          grunt_runaround_doors_2, grunt_runaround_doors_3,
          grunt_runaround_doors_4], hell_entry, abyss_entry
Depths:4: grunt_crosshair, layout_basic, hell_entry,
          serial_sigils_hangedman_scar
Hell
Dis:1:    layout_gridville
Geh:1:    layout_gehenna_pools_box
Coc:1:    nicolae_hells_titanomachy
Coc:2:    layout_ice_bergs
Coc:3:    layout_cocytus_water_paths
Coc:4:    layout_ice_bergs

Skill      XL: |  1  2  3  4  5  6  7  8  9 10 11 12 13 14 15 16 17 18 19 20 21 22 23 24 25 26 27 |
---------------+----------------------------------------------------------------------------------+-----
Stealth        | 3 4 5 6 11 | 11.1
Hexes          | 1 2 3 5 6 |  6.0
Conjurations   | 2 3 4 5 6 8 9 10 11 12 13 14 15 16 17 18 19 21 | 21.0
Fighting       | 1 2 3 4 5 6 7 8 9 10 11 12 13 15 | 15.0
Axes           | 1 2 3 4 |  4.5
Dodging        | 3 4 5 6 7 8 9 10 11 | 11.6
Spellcasting   | 3 4 5 6 7 8 9 10 12 13 14 15 16 17 18 19 20 | 20.7
Fire Magic     | 4 5 6 7 8 9 10 11 12 13 14 15 16 17 19 20 21 | 21.2
Translocations | 1 2 3 4 5 6 7 9 10 | 10.4
Throwing       | 2 4 5 |  5.0
Shields        | 1 2 4 5 6 7 8 9 10 11 12 13 14 | 14.7
Invocations    | 1 3 4 6 8 9 10 11 12 14 15 16 | 16.0
Summonings     | 1 4 6 |  6.0
Air Magic      | 1 3 5 6 7 9 10 11 12 13 14 | 14.3
Earth Magic    | 1 3 5 |  5.6
Alchemy        | 3 |  3.0
Staves         | 3 5 7 |  7.6
Ice Magic      | 4 |  4.6

Action                     |  1- 3 |  4- 6 |  7- 9 | 10-12 | 13-15 | 16-18 | 19-21 | 22-24 | 25-27 || total
---------------------------+-------+-------+-------+-------+-------+-------+-------+-------+-------++-------
  Melee: Unarmed           |    35 |       |       |       |       |       |       |       |       ||    35
         Tentacles         |     8 |     5 |    25 |    20 |    38 |    91 |    73 |    64 |   113 ||   437
         Constrict         |     8 |     8 |    30 |    15 |    14 |    33 |    14 |    13 |    25 ||   160
         Hand axe          |       |    21 |   105 |    69 |    29 |    52 |       |       |       ||   276
         Punch             |       |       |     2 |     3 |     1 |     3 |    11 |       |     3 ||    23
         Staff             |       |       |       |       |    74 |   152 |   144 |   143 |   195 ||   708
         Peck              |       |       |       |       |       |       |    53 |    67 |   112 ||   232
  Throw: Javelin           |       |     2 |     2 |     5 |    10 |     4 |     6 |     2 |     2 ||    33
         Dart              |       |       |       |     5 |     1 |       |       |       |       ||     6
   Cast: Foxfire           |    39 |    44 |   136 |   182 |   369 |   118 |   122 |    16 |    49 ||  1075
         Scorch            |     4 |     7 |    31 |   108 |   285 |    65 |    47 |     8 |    53 ||   608
         Inner Flame       |       |     5 |     4 |    36 |    69 |     5 |    54 |     2 |     6 ||   181
         Flame Wave        |       |       |     4 |    22 |    84 |    32 |    29 |     6 |       ||   177
         Blink             |       |       |       |     5 |    15 |     6 |     9 |     8 |     2 ||    45
         Iskenderun's Myst |       |       |       |     5 |    33 |    80 |   175 |    51 |   107 ||   451
         Summon Blazeheart |       |       |       |    13 |    29 |     6 |     4 |       |       ||    52
         Summon Lightning  |       |       |       |       |    12 |    16 |     7 |     1 |       ||    36
         Brom's Barrelling |       |       |       |       |    13 |    11 |    36 |     1 |     6 ||    67
         Fireball          |       |       |       |       |       |   245 |   108 |     5 |     1 ||   359
         Plasma Beam       |       |       |       |       |       |    97 |   177 |   291 |   552 ||  1117
         Orb of Destructio |       |       |       |       |       |       |    13 |    52 |   115 ||   180
         Ignition          |       |       |       |       |       |       |       |    39 |    29 ||    68
         Dragon's Call     |       |       |       |       |       |       |       |     1 |       ||     1
         Fire Storm        |       |       |       |       |       |       |       |     1 |    78 ||    79
         Chain Lightning   |       |       |       |       |       |       |       |       |    12 ||    12
         Dispersal         |       |       |       |       |       |       |       |       |     1 ||     1
         Lehudib's Crystal |       |       |       |       |       |       |       |       |     1 ||     1
 Invoke: Channel Magic     |       |       |       |     4 |    10 |    15 |    18 |    16 |    15 ||    78
         Divine Exegesis   |       |       |       |       |       |       |       |     2 |     1 ||     3
  Evoke: Wand              |       |     7 |       |     9 |     5 |     3 |       |       |     1 ||    25
         Lightning rod     |       |       |       |       |     1 |       |       |       |     1 ||     2
    Use: Scroll            |       |       |    12 |     8 |    10 |     7 |    12 |    11 |     5 ||    65
         Potion            |       |       |       |     7 |     7 |     2 |     4 |    14 |     1 ||    35
   Stab: Sleeping          |       |     1 |    14 |     3 |     1 |     4 |     1 |     1 |     1 ||    26
         Distracted        |       |       |       |       |       |     2 |       |       |       ||     2
 Armour: Skin              |    25 |    17 |    37 |    81 |   193 |   257 |   230 |   172 |   223 ||  1235
  Dodge: Dodged            |    32 |    30 |   123 |   201 |   393 |   394 |   310 |   252 |   298 ||  2033
  Block: Kite shield       |       |       |       |       |   238 |   127 |       |       |       ||   365
         Other             |       |       |       |       |     3 |       |       |       |       ||     3
         Reflection        |       |       |       |       |     2 |    49 |    50 |    35 |    50 ||   186
         Buckler           |       |       |       |       |       |   264 |   290 |   244 |   254 ||  1052
